Map: Jagannatha LE

Players

PtitDrogo - Winner!

  • Race: Protoss Protoss

Reynor

  • Race: Zerg Zerg

Event: DreamHack SC2 Masters 2021 Winter

VOD

Have the link to the VOD?

Description

Time

  • Played on: Oct. 7, 2021, 12:11 p.m.
  • Length: 8:50

All games in this series

Show
View Real Time Build Order
Export as new Build Order

PtitDrogo Protoss - Winner!

Build Orders: 1 Gate Expand, Oracle Opening, Zealot Archon 

Get SALT Encoding   

  12  0:00  Probe  
  13  0:12  Probe  
  14  0:20  Pylon  
  14  0:24  Probe  
  15  0:38  Probe (Chrono Boost)  
  15  0:40  Gateway  
  16  0:47  Probe (Chrono Boost)  
  17  0:51  Assimilator  
  17  0:52  Probe (Chrono Boost)  
  18  1:04  Probe  
  19  1:16  Probe  
  20  1:27  Nexus  
  20  1:38  Cybernetics Core  
  20  1:41  Probe  
  21  1:49  Assimilator  
  21  1:53  Probe  
  22  1:56  Pylon  
  22  2:05  Probe  
  23  2:11  Adept (Chrono Boost)  
  25  2:17  Probe  
  25  2:20  Stargate  
  26  2:28  Warp Gate  
  27  2:31  Probe (Chrono Boost)  
  27  2:34  Adept  
  29  2:39  Probe (Chrono Boost)  
  31  2:47  Probe (Chrono Boost)  
  31  2:48  Probe (Chrono Boost)  
  32  2:53  Probe (Chrono Boost)  
  32  2:54  Probe  
  32  2:55  Void Ray (Chrono Boost)  
  34  3:05  Probe  
  39  3:06  Probe  
  39  3:10  Pylon  
  40  3:17  Probe  
  40  3:18  Probe  
  42  3:21  Gateway  
  42  3:28  Oracle (Chrono Boost)  
  42  3:29  Probe  
  46  3:35  Probe  
  47  3:41  Probe  
  47  3:48  Probe  
  49  3:50  Nexus  
  47  3:55  Pylon  
  47  3:57  Probe (Chrono Boost)  
  49  4:04  Probe (Chrono Boost)  
  49  4:08  Assimilator  
  49  4:09  Probe (Chrono Boost)  
  50  4:10  Assimilator  
  50  4:13  Twilight Council  
  50  4:15  Probe x2 (Chrono Boost)  
  52  4:17  Forge  
  52  4:23  Probe (Chrono Boost)  
  54  4:26  Probe (Chrono Boost)  
  54  4:27  Robotics Facility  
  54  4:35  Probe (Chrono Boost)  
  56  4:41  Probe (Chrono Boost)  
  56  4:42  Probe (Chrono Boost)  
  56  4:43  Gateway  
  56  4:44  Gateway  
  57  4:48  Probe  
  57  4:49  Probe  
  59  5:00  Probe  
  59  5:02  Probe  
  61  5:08  Probe  
  61  5:12  Probe, Protoss Ground Weapons Level 1, Charge  
  61  5:13  Dark Shrine  
  61  5:14  Probe  
  64  5:16  Observer (Chrono Boost)  
  64  5:20  Probe  
  66  5:21  Adept x2  
  66  5:22  Shield Battery  
  66  5:28  Gateway  
  71  5:30  Gateway  
  73  5:42  Photon Cannon, Zealot  
  72  5:43  Photon Cannon  
  72  5:45  Photon Cannon  
  72  5:47  Sentry x2  
  76  5:53  Pylon  
  76  5:57  Photon Cannon, Pylon  
  76  6:00  Photon Cannon  
  76  6:01  Shield Battery  
  74  6:07  Pylon  
  71  6:12  Pylon  
  71  6:16  Pylon  
  71  6:18  Zealot  
  69  6:19  Sentry  
  69  6:21  Pylon  
  66  6:26  Dark Templar x2  
  66  6:29  Probe x2  
  66  6:30  Gateway, Probe  
  69  6:36  Dark Templar x2  
  73  6:41  Probe  
  73  6:42  Probe  
  73  6:44  Dark Templar x2  
  64  6:48  Probe  
  64  6:53  Gateway  
  63  7:01  Dark Templar  
  65  7:04  Warp Prism (Chrono Boost)  
  65  7:05  Zealot  
  69  7:20  Archon  
  69  7:21  Archon x2  
  69  7:22  Dark Templar  
  71  7:23  Zealot x3  
  71  7:27  Archon  
  77  7:43  Zealot  
  79  7:48  Zealot x5  
  89  7:53  Nexus  
  89  7:55  Pylon  
  89  8:05  Dark Templar x2  
  93  8:09  Archon  
  93  8:11  Zealot x2  
  95  8:28  Zealot x3  
  95  8:32  Zealot x2  
Show
View Real Time Build Order
Export as new Build Order

Reynor Zerg 

Build Orders: Hatch First 

Get SALT Encoding   

  12  0:00  Drone  
  13  0:12  Overlord  
  13  0:17  Drone  
  14  0:30  Drone x2  
  16  0:43  Drone  
  17  0:52  Hatchery  
  17  0:54  Drone  
  17  0:59  Drone  
  18  1:07  Extractor  
  17  1:14  Spawning Pool  
  17  1:17  Drone  
  17  1:20  Drone  
  18  1:27  Drone  
  19  1:38  Drone  
  20  1:49  Overlord  
  20  2:01  Queen  
  20  2:03  Queen  
  20  2:04  Drone x2  
  26  2:11  Drone  
  26  2:12  Metabolic Boost  
  26  2:15  Zergling x2  
  28  2:22  Drone  
  29  2:25  Zergling x2  
  30  2:31  Overlord  
  30  2:36  Drone  
  31  2:37  Queen  
  31  2:43  Queen  
  35  2:46  Drone  
  36  2:55  Zergling x2  
  37  3:01  Hatchery  
  37  3:03  Drone  
  37  3:05  Drone  
  38  3:07  Drone  
  38  3:10  Drone  
  40  3:15  Overlord  
  40  3:18  Drone  
  41  3:22  Queen  
  41  3:26  Overlord  
  43  3:32  Drone  
  44  3:40  Overlord  
  44  3:44  Drone x3  
  44  3:45  Drone, Queen  
  50  3:52  Drone x2  
  50  3:53  Drone  
  51  3:57  Overlord  
  51  3:59  Queen  
  53  4:03  Drone x2  
  55  4:11  Drone  
  55  4:12  Queen  
  55  4:13  Spore Crawler  
  55  4:15  Drone x2  
  59  4:19  Zergling x6  
  59  4:22  Drone x2  
  64  4:28  Queen  
  64  4:29  Overlord  
  66  4:37  Drone x5  
  71  4:42  Baneling Nest  
  71  4:44  Queen  
  72  4:51  Queen  
  74  4:54  Overlord  
  74  4:56  Zergling x8  
  74  4:59  Drone x2  
  77  5:06  Zergling x8  
  80  5:11  Overlord  
  80  5:17  Zergling x10  
  80  5:20  Zergling x8  
  89  5:23  Overlord  
  89  5:26  Zergling x2  
  90  5:34  Baneling x8  
  90  5:36  Zergling x8  
  90  5:38  Queen  
  90  5:41  Zergling x6  
  99  5:43  Baneling  
  99  5:46  Zergling x2  
  99  5:47  Zergling x6  
  102  5:52  Baneling  
  102  5:55  Zergling x2  
  102  5:56  Zergling x6  
  105  5:59  Queen  
  105  6:02  Queen  
  105  6:07  Zergling x10  
  106  6:11  Zergling x2  
  106  6:12  Zergling x2  
  106  6:14  Zergling x2  
  106  6:17  Zergling x4  
  105  6:20  Overlord  
  105  6:22  Zergling x4  
  104  6:25  Zergling x2  
  103  6:33  Lair  
  103  6:35  Zergling x4  
  103  6:39  Drone  
  100  6:42  Drone  
  100  6:43  Extractor  
  100  6:44  Evolution Chamber, Spore Crawler  
  100  6:45  Spore Crawler  
  100  6:46  Drone x4  
  94  6:48  Baneling  
  94  6:49  Baneling  
  91  6:59  Drone x4  
  91  7:00  Drone  
  92  7:02  Drone, Queen  
  92  7:04  Drone  
  82  7:11  Roach Warren  
  82  7:13  Zergling x4  
  82  7:14  Zergling x6  
  74  7:16  Queen  
  74  7:20  Drone x3  
  74  7:21  Zergling x2  
  74  7:22  Zergling x2, Extractor  
  78  7:30  Overlord  
  78  7:34  Spine Crawler  
  77  7:37  Spine Crawler  
  77  7:38  Queen  
  77  7:48  Extractor  
  77  7:51  Roach x7  
  86  7:52  Drone x4, Queen  
  86  7:53  Queen  
  86  7:57  Roach x2  
  98  8:00  Roach  
  98  8:01  Spore Crawler  
  98  8:06  Roach x2  
  98  8:11  Roach  
  103  8:15  Roach x2  
  106  8:20  Overlord  
  106  8:21  Drone x2  
  106  8:24  Overseer  
  106  8:25  Extractor  
  107  8:31  Roach  

Tags
 
Add a new tag
Caveats
  • Supply blocks, unpowered buildings, or Contaminate may cause inaccurate times.
  • Supply counts are checked every 10 seconds.